 Dungeon Crawl Stone Soup version 0.27.1 (webtiles) character file.

Game seed: 3850037758760113569

87 Naeght the Poker (level 4, -7/33 HPs)
             Began as a Merfolk Gladiator on Aug 22, 2021.
             Mangled by a gnoll (8 damage)
             ... on level 2 of the Dungeon on Aug 23, 2021.
             The game lasted 00:04:24 (2461 turns).

Naeght the Poker (Merfolk Gladiator)                Turns: 2461, Time: 00:04:25

Health: -7/33      AC:  3    Str: 14    XL:     4   Next: 51%
Magic:  13/13      EV: 13    Int: 10    God:
Gold:   62         SH:  0    Dex: 15    Spells: 3/3 levels left

rFire    . . .     SeeInvis .   a - +0 trident
rCold    . . .     Faith    .   (no shield)
rNeg     . . .     Spirit   .   b - +0 leather armour
rPois    .         Reflect  .   (helmet restricted)
rElec    .         Harm     .   (no cloak)
rCorr    .         Rampage  .   (no gloves)
Will     .....                  (no boots)
Stlth    +.........             (no amulet)
HPRegen  0.11/turn              n - ring of magical power
MPRegen  0.13/turn              (no ring)

@: no status effects
A: (nimble swimmer 2), mertail, horns 1, clever 1, MP-powered wands
a: no special abilities


You were on level 2 of the Dungeon.
You visited 1 branch of the dungeon, and saw 3 of its levels.

You collected 90 gold pieces.
You spent 28 gold pieces at shops.

Inventory:

Hand Weapons
 a - a +0 trident (weapon)
Missiles
 d - 2 throwing nets
 i - 2 javelins (quivered)
 o - 66 stones
Armour
 b - a +0 leather armour (worn)
 c - a +0 helmet
Jewellery
 n - a ring of magical power (left hand)
Wands
 p - a wand of mindburst (14)
Scrolls
 e - 2 scrolls of teleportation
 f - a scroll of identify
 g - a scroll of fear
 h - a scroll of enchant armour {unknown}
 j - a scroll of immolation {unknown}
 q - a scroll of magic mapping {unknown}
Potions
 k - 2 potions of flight {unknown}
 l - a potion of magic {unknown}
 m - a potion of might {unknown}


   Skills:
 - Level 2.1 Fighting
 * Level 7.5 Polearms
 - Level 2.0 Throwing
 - Level 4.0 Dodging


You had 3 spell levels left.
You didn't know any spells.
Your spell library was empty.

Dungeon Overview and Level Annotations

Branches:
Dungeon (3/15)

Altars:

Shops:
D:2 =:**


Innate Abilities, Weirdness & Mutations

((You are quick and stealthy near water. (Stealth+, EV+, Speed+++)))
Your lower body shifts to a powerful aquatic tail in water.
You have a pair of small horns on your head.
Your mind is acute. (Int +2)
You expend magic power (3 MP) to strengthen your wands.


Message History

You are too injured to fight recklessly!
You are too injured to fight recklessly!
Unknown command.
The gnoll completely misses you.
You are too injured to fight recklessly!
You are too injured to fight recklessly!
Throw: 4 javelins
Press: ? - help, Q - select action, (/) - cycle Shift-Dir - straight line, f - gnoll
Aim: a gnoll, wielding a +0 halberd (64% to hit)
You throw a javelin. The javelin closely misses the gnoll.
The javelin completely misses the hobgoblin.
The javelin pierces through the giant cockroach.
You kill the giant cockroach!
The javelin pierces through the gnoll.
The gnoll is moderately wounded.
The gnoll barely misses you. The gnoll hits you with a +0 flail.
Throw: 3 javelins
Press: ? - help, Q - select action, (/) - cycle Shift-Dir - straight line, f - gnoll, p - gnoll
Aim: a gnoll, wielding a +0 spear (64% to hit)
Okay, then.
Throw: 3 javelins
Press: ? - help, Q - select action, (/) - cycle Shift-Dir - straight line You throw a javelin.
The javelin closely misses the gnoll.
The javelin pierces through the hobgoblin!
You kill the hobgoblin!
The javelin closely misses the gnoll.
The gnoll hits you with a +0 flail!
* * * LOW HITPOINT WARNING * * *
There is an open door here.
There is a stone staircase leading up here.
Sorry, you're not good enough to have a special ability.
The gnoll hits you with a +0 flail.
You climb upwards.
There is a stone staircase leading down here.
You barely miss the gnoll. The gnoll hits you with a +0 flail!
* * * LOW HITPOINT WARNING * * *
You puncture the gnoll! Your headbutt misses the gnoll.
The gnoll is severely wounded.
The gnoll hits you with a +0 flail!
You die...

#.##.#<..#####.##
...#.#.#......#.####
.........#.........#
...#.#####.#...###.######
#.##.# #..............# #.##.#
#.#..<###.####.# .....#
#.##.## #.# #.# #.####
#.##.####.####.### #.#####
#......@g...>....# ......#
####'#####.###.#.# #.###.#
##...## #.# #.#.## #.###.#
##.....###.# #....# #.#.#.#
##.......##.###.#..#
#.....###.........#.##.....#
........'.........'........##
....<.###.........####......##
..#.### ##.......## ##..#.#.#


You could see a gnoll.

Vanquished Creatures
  Natasha (D:2)
  A gnoll (D:3)
  A worm (D:3)
  An orc (D:3)
  5 ball pythons
  6 endoplasms
  5 giant cockroaches
  4 hobgoblins
  A quokka (D:1)
  3 bats
  6 frilled lizards
  3 goblins
  3 kobolds
  7 rats
47 creatures vanquished.

Notes
Turn   | Place    | Note
-------+----------+-------------------------------------------
     0 | D:1      | Naeght the Merfolk Gladiator began the quest for the Orb.
     0 | D:1      | Reached XP level 1. HP: 16/16 MP: 1/1
   267 | D:1      | Reached skill level 5 in Polearms
   283 | D:1      | Reached XP level 2. HP: 22/22 MP: 2/2
   302 | D:1      | Found a faded altar of an unknown god.
  1074 | D:2      | Reached skill level 6 in Polearms
  1074 | D:2      | Reached XP level 3. HP: 27/27 MP: 3/3
  1245 | D:2      | Found Hodwi's Book Emporium.
  1423 | D:2      | Found Tickon's Jewellery Shop.
  1741 | D:2      | Found Xyatu's Assorted Antiques.
  1800 | D:2      | Noticed Natasha
  1811 | D:2      | Killed Natasha
  1812 | D:2      | Reached skill level 7 in Polearms
  1812 | D:2      | Reached XP level 4. HP: 19/33 MP: 4/4
  1945 | D:2      | Found Qareeja's General Store.
  1966 | D:2      | Bought a scroll of identify for 28 gold pieces
  2069 | D:3      | Gained mutation: Your mind is acute. (Int +2) [potion of
                  | mutation]
  2069 | D:3      | Gained mutation: You have a pair of small horns on your
                  | head. [potion of mutation]
  2069 | D:3      | Gained mutation: You expend magic power (3 MP) to
                  | strengthen your wands. [potion of mutation]
  2460 | D:2      | HP: 1/33 [gnoll (10)]
  2461 | D:2      | Mangled by a gnoll

Illustrated notes

Levels and vault maps discovered:
D:1:      lemuel_arrival_room, layout_loops_ring,
          shapermc_ecumenical_altar_petra, st_stairs_7
D:2:      layout_loops_corners, serial_shops, shop, shop,
          nicolae_shop_statue_plus, shop, minmay_misc_feat_columns, uniq_natasha
D:3:      layout_basic, st_stairs_4

Skill      XL: |  1  2  3 |
---------------+----------+-----
Polearms       | 5 6 7 |  7.5
Fighting       | |  2.1
Throwing       | |  2.0
Dodging        | |  4.0

Action                   |  1- 3 |  4- 6 || total
-------------------------+-------+-------++-------
Melee: Trident           |    87 |    30 ||   117
       Headbutt          |       |     5 ||     5
Throw: Throwing net      |     3 |       ||     3
       Javelin           |     1 |     6 ||     7
  Use: Scroll            |       |     3 ||     3
       Potion            |       |     1 ||     1
 Stab: Sleeping          |     3 |       ||     3
Armor: Leather armour    |    17 |     3 ||    20
Dodge: Dodged            |    48 |    15 ||    63
